 Dungeon Crawl Stone Soup version 0.30-a0-3-gc9032a9cac (webtiles) character file.

Game seed: 12227380288919066295

113 BritishOli the Trooper (level 4, -2/37 HPs)
             Began as a Demonspawn Fighter on Aug 20, 2022.
             Slain by a gnoll
             ... wielding a +0 halberd
              (7 damage)
             ... on level 3 of the Dungeon.
             The game lasted 00:02:19 (2790 turns).

BritishOli the Trooper (Demonspawn Fighter)         Turns: 2790, Time: 00:02:19

Health: -2/37      AC:  6    Str: 19    XL:     4   Next: 65%
Magic:  4/4        EV:  9    Int:  9    God:
Gold:   107        SH:  4    Dex: 12    Spells: 3/3 levels left

rFire   . . .      SeeInvis .    a - +0 long sword
rCold   . . .      Faith    .    c - +0 buckler
rNeg    . . .      Spirit   .    b - +0 scale mail
rPois   .          Reflect  .    (no helmet)
rElec   .          Harm     .    (no cloak)
rCorr   .          Rampage  .    (no gloves)
Will    .....                    (no boots)
Stlth   ..........               (no amulet)
HPRegen 0.12/turn                (no ring)
MPRegen 0.09/turn                (no ring)

@: no status effects
A: foul stench 2
a: no special abilities


You were on level 3 of the Dungeon.
You visited 1 branch of the dungeon, and saw 3 of its levels.

You collected 107 gold pieces.

Inventory:

Hand Weapons
 a - a +0 long sword (weapon)
Missiles
 f - a throwing net (quivered)
Armour
 b - a +0 scale mail (worn)
 c - a +0 buckler (worn)
Wands
 m - a wand of roots (7)
Scrolls
 e - 2 scrolls of identify {unknown}
 g - a scroll of amnesia {unknown}
 h - a scroll of teleportation {unknown}
 j - a scroll of immolation {unknown}
 l - a scroll of noise {unknown}
Potions
 d - 2 potions of might
 i - 2 potions of ambrosia {unknown}
 k - a potion of attraction {unknown}
 n - a potion of heal wounds {unknown}
 o - a potion of invisibility {unknown}


   Skills:
 + Level 3.7 Fighting
 + Level 2.7 Long Blades
 + Level 3.3 Armour
 + Level 3.3 Shields


You had 3 spell levels left.
You didn't know any spells.
Your spell library was empty.

Dungeon Overview and Level Annotations

Branches:
Dungeon (3/15)

Altars:


Innate Abilities, Weirdness & Mutations

You sometimes emit foul miasma when damaged in melee.


Message History

You block the gnoll's attack.
There are monsters nearby!
You hit the gnoll but do no damage.
The gnoll hits you from afar with a +0 halberd.
There are monsters nearby!
You hit the gnoll.
The gnoll is lightly wounded.
The gnoll hits you with a +0 club.
The gnoll hits you from afar with a +0 halberd!
The gnoll barely misses you. x2
A hobgoblin comes into view.
You block the gnoll's attack.
The gnoll hits you from afar with a +0 halberd.
The gnoll attacks as you move away! The gnoll hits you with a +0 club.
The gnoll attacks as you move away! You block the gnoll's attack.
You slash the gnoll!
The gnoll is severely wounded.
The gnoll barely misses you.
You hit the gnoll.
The gnoll is severely wounded.
The gnoll hits you with a +0 club.
You hit the gnoll.
You kill the gnoll!
The gnoll closely misses you. The gnoll closely misses you.
You block the gnoll's attack.
Things that are here:
a +0 club; a gnoll corpse You completely miss the gnoll.
You block the gnoll's attack. The gnoll barely misses you.
The gnoll hits you from afar with a +0 halberd.
* * * LOW HITPOINT WARNING * * *
The gnoll barely misses you.
You closely miss the gnoll. The gnoll closely misses you.
The gnoll barely misses you.
You barely miss the gnoll. You block the gnoll's attack.
The gnoll hits you with a +0 halberd.
* * * LOW HITPOINT WARNING * * *
The gnoll attacks as you move away! The gnoll closely misses you.
The gnoll hits you from afar with a +0 halberd!
You die...

#... #>g# ###..# ....# #...#
#...# #.g.#
####...############
..........gg)@.....##
####......#######...#########>
#..#...........#..[........
#..#...#######...###.######
#..##### ##.## #.# #. #.# #.##
#. #.####..##### #.#..........
#.#...#####+#


You could see 2 gnolls.

Vanquished Creatures
  Jessica (D:2)
  2 adders (D:2)
  A gnoll (D:3)
  3 worms (D:2)
  4 dart slugs (D:1)
  3 ball pythons
  An endoplasm (D:1)
  6 goblins
  5 hobgoblins (D:1)
  2 quokkas (D:1)
  4 bats
  2 frilled lizards
  5 kobolds
  4 rats
43 creatures vanquished.

Notes
Turn   | Place    | Note
-------+----------+-------------------------------------------
     0 | D:1      | BritishOli the Demonspawn Fighter began the quest for the
                  | Orb.
     0 | D:1      | Reached XP level 1. HP: 18/18 MP: 1/1
    81 | D:1      | Gained mutation: You may rarely emit foul miasma when
                  | damaged in melee. [demonic ancestry]
    81 | D:1      | Reached XP level 2. HP: 10/24 MP: 2/2
   560 | D:1      | Gained mutation: You sometimes emit foul miasma when
                  | damaged in melee. [demonic ancestry]
   560 | D:1      | Reached XP level 3. HP: 28/29 MP: 3/3
  1568 | D:2      | HP: 1/29 [worm (4)]
  1969 | D:2      | Noticed Jessica
  1979 | D:2      | Killed Jessica
  1980 | D:2      | Reached XP level 4. HP: 10/36 MP: 4/4
  2790 | D:3      | Slain by a gnoll

Illustrated notes

Levels and vault maps discovered:
D:1:      psy_arrival_basics, layout_basic
D:2:      layout_basic, interstate_on_off, minmay_diced_spiral, uniq_jessica
D:3:      layout_loops_ring, nicolae_ashenzari_panopticon,
          chequers_ecumenical_altar_grove, glass_columns_a,
          minmay_quadrilaterals, uniq_sigmund, uniq_terence, uniq_robin

Skill      XL: |  1  2 |
---------------+-------+-----
Long Blades    | 2 |  2.7
Armour         | 3 |  3.3
Shields        | 3 |  3.3
Fighting       | |  3.7

Action                   |  1- 3 |  4- 6 || total
-------------------------+-------+-------++-------
Melee: Long sword        |   109 |    22 ||   131
Armor: Scale mail        |    70 |     5 ||    75
Dodge: Dodged            |    50 |    15 ||    65
Block: Buckler           |    15 |    10 ||    25

Table legend: (Time is in decaauts)
 A = Elapsed time spent in this place.
 B = Non-inter-level travel time spent in this place.
 C = Inter-level travel time spent in this place.
 D = Time resting spent in this place.
 E = Time spent auto-exploring this place.
 F = Levels seen in this place.
 G = Mean time per level.
                   A        B        C        D        E       F      G
               +--------+--------+--------+--------+--------+-----+--------+
         Total |   2834 |   2760 |     74 |    850 |   1528 |   3 |  944.7 |
       Dungeon |   2834 |   2760 |     74 |    850 |   1528 |   3 |  944.7 |
               +--------+--------+--------+--------+--------+-----+--------+

Top non-repeatable levels by time:
     D:1: 1779 daAuts
     D:2: 1000 daAuts
     D:3: 54 daAuts
